 Dungeon Crawl Stone Soup version 0.30-a0-358-g0d69a1922f (webtiles) character file.

Game seed: 14965457453999058921

107 koil the Vexing (level 4, 0/25 HPs)
             Began as a Vampire Enchanter on Nov 9, 2022.
             Slain by an endoplasm (2 damage)
             ... on level 2 of the Dungeon.
             The game lasted 00:05:20 (1816 turns).

koil the Vexing (Vampire Enchanter)                 Turns: 1816, Time: 00:05:20

Health: 0/25       AC:  0    Str:  7    XL:     4   Next: 57%
Magic:  2/7        EV: 13    Int: 19    God:
Gold:   86         SH:  0    Dex: 14    Spells: 6/8 levels left

rFire   . . .      SeeInvis +    a - +4 dagger
rCold   + + .      Faith    .    (no shield)
rNeg    + + +      Spirit   .    b - +0 robe
rPois   ∞          Reflect  .    f - +0 helmet
rElec   .          Harm     .    (no cloak)
rCorr   .          Rampage  .    (no gloves)
Will    .....                    (no boots)
Stlth   +++++.....               o - amulet of regeneration
HPRegen 0.00/turn                (no ring)
MPRegen 0.10/turn                (no ring)

@: corroded, bloodless, inhibited regen
A: bloodless, fangs 3, see invisible, vampiric 2
a: Bat Form, Revivify


You were on level 2 of the Dungeon.
You visited 1 branch of the dungeon, and saw 2 of its levels.

You collected 86 gold pieces.

Inventory:

Hand Weapons
 a - a +4 dagger (weapon)
 m - a +2 whip of flaming
 q - a +1 dagger
Armour
 b - a +0 robe (worn)
 f - a +0 helmet (worn)
Magical Staves
 l - a staff of fire
Jewellery
 o - an amulet of regeneration (around neck)
Scrolls
 e - a scroll of vulnerability {unknown}
 g - 2 scrolls of identify {unknown}
 h - a scroll of teleportation {unknown}
 i - a scroll of immolation {unknown}
 j - a scroll of enchant weapon {unknown}
 n - a scroll of brand weapon {unknown}
Potions
 c - 2 potions of invisibility
 d - 3 potions of heal wounds {unknown}
 k - 2 potions of flight {unknown}
 p - 2 potions of lignification {unknown}


   Skills:
 + Level 1.1 Fighting
 + Level 1.8 Short Blades
 + Level 0.9 Armour
 + Level 2.9 Dodging
 + Level 5.1 Stealth
 + Level 2.5 Spellcasting
 + Level 5.1 Hexes


You had 6 spell levels left.
You knew the following spells:

 Your Spells              Type           Power      Damage    Failure   Level
a - Ensorcelled Hibernat  Hex/Ice        24%        N/A       9%          2

Your spell library contained the following spells:

 Spells                   Type           Power      Damage    Failure   Level
 Confusing Touch          Hex            21%        N/A       6%          3
 Tukima's Dance           Hex            21%        N/A       6%          3
 Dazzling Flash           Conj/Hex       24%        N/A       17%         3
 Summon Mana Viper        Hex/Summ       12%        N/A       83%         5
 Summon Ice Beast         Ice/Summ       2%         N/A       85%         4
 Summon Forest            Summ/Tloc      1%         N/A       99%         5
 Eringya's Noxious Bog    Tmut/Pois      1%         N/A       100%        6
 Monstrous Menagerie      Summ           1%         N/A       100%        7
 Summon Hydra             Summ           1%         N/A       100%        7


Dungeon Overview and Level Annotations

Branches:
Dungeon (2/15)

Altars:


Innate Abilities, Weirdness & Mutations

You do not regenerate when monsters are visible.
You are frail without blood (-20% HP).
You can heal yourself when you bite living creatures.
You are immune to poison.
You have razor-sharp teeth.
You have supernaturally acute eyesight. (SInv)
You are afflicted with vampirism and can become a bat while bloodless.


Message History

You kill the endoplasm!
A jelly comes into view.
Casting: Ensorcelled Hibernation (safe; 9% risk of failure)
Confirm with . or Enter, or press ? or * to list all spells.
Aiming: Ensorcelled Hibernation (safe; 9% risk of failure)
Press: ? - help, Shift-Dir - straight line, f - jelly
Aim: a jelly (chance to affect: 53%)
The jelly resists with significant effort.
Casting: Ensorcelled Hibernation (safe; 9% risk of failure)
Confirm with . or Enter, or press ? or * to list all spells.
You don't have enough magic to cast this spell.
Unknown command.
You hit the jelly.
Your hands burn!
The jelly is moderately wounded.
The jelly barely misses you.
You completely miss the jelly.
The jelly is moderately wounded.
The jelly completely misses you.
An endoplasm comes into view.
The endoplasm quivers.
You hit the jelly. The acid corrodes you!
Your hands burn!
The jelly is severely wounded.
You hit the jelly. The acid corrodes you!
Your hands burn!
You bite the jelly.
The jelly is almost dead.
The jelly jiggles.
The jelly hits you.
You are splashed with acid!
* * * LOW HITPOINT WARNING * * *
You barely miss the jelly.
The jelly is almost dead.
The jelly misses you.
You hit the jelly.
You kill the jelly!
Your Fighting skill increases to level 1!
The endoplasm freezes you.
You are frozen.
You resist.
* * * LOW HITPOINT WARNING * * *
You hit the endoplasm.
The endoplasm is moderately wounded.
The endoplasm hits you.
You die...

######....###[....###..####......
..........##.......##..'.<.......
#######...##.......##..####...##.
##.###.......##.## ##.###.
#..##.......#### ### #.
#####....#### #####. #....'..##
#>..#. ########.# #.....
#).J@..## #...## #'#######
####.## #.. ..##.# #.J #.##.#


#JJ #.##.# #.. #.###.##.# #.P #........# #÷P #####.#### #.# You could see an
endoplasm.

Vanquished Creatures
  A jelly (D:2)
  3 worms (D:2)
  2 dart slugs
  3 bats
  8 endoplasms
  A giant cockroach (D:2)
  3 goblins (D:1)
  7 hobgoblins
  4 jackals (D:1)
  13 kobolds
  3 quokkas
  6 ball pythons
  7 rats
  11 fungi (D:2)
  8 toadstools (D:2)
80 creatures vanquished.

Notes
Turn   | Place    | Note
-------+----------+-------------------------------------------
     0 | D:1      | koil the Vampire Enchanter began the quest for the Orb.
     0 | D:1      | Reached XP level 1. HP: 13/13 MP: 3/3
   277 | D:1      | Reached XP level 2. HP: 19/19 MP: 5/5
   280 | D:1      | Learned a level 2 spell: Ensorcelled Hibernation
   625 | D:1      | Gained mutation: You are afflicted with vampirism and can
                  | become a bat while bloodless. [Vampire growth]
   625 | D:1      | Reached XP level 3. HP: 16/25 MP: 6/6
  1525 | D:2      | Reached skill level 5 in Stealth
  1693 | D:2      | Reached XP level 4. HP: 31/31 MP: 4/7
  1696 | D:2      | Reached skill level 5 in Hexes
  1812 | D:2      | HP: 3/24 [acid (8)]
  1815 | D:2      | Reached skill level 1 in Fighting
  1816 | D:2      | Slain by an endoplasm

Illustrated notes

Levels and vault maps discovered:
D:1:      onia_arrival_pentagram, layout_loops_corners
D:2:      cheibrodos_fertilizer, layout_loops_corners

Skill      XL: |  1  2  3  4 |
---------------+-------------+-----
Stealth        | 5 |  5.1
Hexes          | 5 |  5.1
Fighting       | 1 |  1.1
Short Blades   | |  1.8
Armour         | |  0.9
Dodging        | |  2.9
Spellcasting   | |  2.5

Action                   |  1- 3 |  4- 6 || total
-------------------------+-------+-------++-------
Melee: Dagger            |   145 |    24 ||   169
       Bite              |    12 |     3 ||    15
       Punch             |     1 |       ||     1
 Cast: Ensorcelled Hiber |     8 |     5 ||    13
 Abil: Exsanguinate      |       |     1 ||     1
 Stab: Sleeping          |    22 |     1 ||    23
Armor: Robe              |    33 |     1 ||    34
Dodge: Dodged            |    73 |    10 ||    83

Table legend: (Time is in decaauts)
 A = Elapsed time spent in this place.
 B = Non-inter-level travel time spent in this place.
 C = Inter-level travel time spent in this place.
 D = Time resting spent in this place.
 E = Time spent auto-exploring this place.
 F = Levels seen in this place.
 G = Mean time per level.
                   A        B        C        D        E       F      G
               +--------+--------+--------+--------+--------+-----+--------+
         Total |   1803 |   1781 |     22 |     31 |   1324 |   2 |  901.5 |
       Dungeon |   1803 |   1781 |     22 |     31 |   1324 |   2 |  901.5 |
               +--------+--------+--------+--------+--------+-----+--------+

Top non-repeatable levels by time:
     D:1: 1102 daAuts
     D:2: 701 daAuts
